 Dungeon Crawl Stone Soup version 0.32-a0-834-geaf45d8e21 (webtiles) character file.

Game seed: 11140997772044620249

70 pokeman the Magician (level 4, 0/25 HPs)
             Began as a Deep Elf Hedge Wizard on Mar 25, 2024.
             Slain by an adder (3 damage)
             ... on level 2 of the Dungeon.
             The game lasted 00:02:30 (1821 turns).

pokeman the Magician (Deep Elf Hedge Wizard)        Turns: 1821, Time: 00:02:31

Health: 0/25       AC:  3    Str:  7    XL:     4   Next: 3%
Magic:  1/13       EV: 11    Int: 21    God:
Gold:   10         SH:  0    Dex: 14    Spells: 6/14 levels left

rFire   . . .        i - +1 flail (holy)
rCold   . . .        (no shield)
rNeg    . . .        b - +0 robe
rPois   .            c - +0 hat
rElec   .            (no cloak)
rCorr   .            (no gloves)
SInv    .            g - +0 pair of boots
Will    .....        (no amulet)
Stlth   ++           (no ring)
HPRegen 0.24/turn    (no ring)
MPRegen 0.13/turn

%: no passive effects
@: very slightly contaminated
A: no striking features
a: no special abilities


You were on level 2 of the Dungeon.
You visited 1 branch of the dungeon, and saw 2 of its levels.

You collected 10 gold pieces.

Inventory:

Hand Weapons
 i - a +1 flail of holy wrath (weapon)
Armour
 b - a +0 robe (worn)
 c - a +0 hat (worn)
 g - a +0 pair of boots (worn)
Scrolls
 e - a scroll of teleportation {unknown}
 h - a scroll of poison {unknown}
Potions
 d - a potion of magic
 f - a potion of mutation {unknown}


   Skills:
 + Level 1.0 Fighting
 + Level 1.1 Armour
 - Level 2.4 Dodging
 - Level 2.4 Stealth
 * Level 5.5 Spellcasting
 + Level 2.0 Conjurations
 - Level 1.1 Summonings
 - Level 1.1 Translocations


You had 6 spell levels left.
You knew the following spells:

 Your Spells              Type           Power      Damage    Failure   Level
a - Magic Dart            Conj           56%        1d5       4%          1
b - Mephitic Cloud        Conj/Alch/Air  8%         N/A       24%         3
c - Call Imp              Summ           20%        N/A       10%         2
d - Blink                 Tloc           20%        N/A       10%         2

Your spell library contained the following spells:

 Spells                   Type           Power      Damage    Failure   Level
 Slow                     Hex            20%        N/A       11%         1
 Cigotuvi's Dreadful Rot  Necr/Alch/Air  10%        N/A       16%         2


Dungeon Overview and Level Annotations

Branches:
Dungeon (2/15)

Altars:


Message History

You are more poisoned.
The adder poisons you!
Found 4 stones.
You feel sick.
You hit the quokka.
The quokka is severely wounded.
You feel sick.
The adder is engulfed in noxious fumes.
The adder appears confused.
The quokka barely misses you.
You miss the quokka.
The quokka is severely wounded.
You feel sick. The quokka bites you.
The adder is engulfed in noxious fumes.
The adder appears confused.
The adder is engulfed in noxious fumes.
The adder appears confused.
The adder closely misses you. The quokka bites you.
The adder bites the adder.
The adder is engulfed in noxious fumes.
The adder appears confused.
You bump into the rock wall.
You feel less confused.
You feel sick. The quokka closely misses you.
The adder is engulfed in noxious fumes.
The adder appears confused.
You sock the adder!
The adder is severely wounded.
You feel sick.
You are no longer poisoned.
The quokka barely misses you. x2; The adder bites you.
* * * LOW HITPOINT WARNING * * *
Unknown command.
You sock the quokka!
You kill the quokka!
Casting: Mephitic Cloud (extremely dangerous; 24% risk of failure)
Confirm with . or Enter, or press ? or * to list all spells.
Aiming: Magic Dart (safe; 4% risk of failure)
Press: ? - help, Shift-Dir - straight line, f/p - adder
Aim: an adder (heavily wounded, confused, 100% to hit)
The magic dart hits the adder.
The adder is almost dead.
The adder bites the adder.
Unknown command.
You hit the adder.
You kill the adder!
The adder bites you.
You die...

#.##.# #.##.#
#.##.# ##.##.#
#.####.....#
...........#
####.#..######
######.#.........
###..†@......#####.
.......S..#.#.#
(....##.....#.#
.### #...###.#
#..<# .# ..... ..
###.... ......
.[....


You could see an adder (confused).

Vanquished Creatures
  Terence (D:2)
  An adder (D:2)
  2 dart slugs (D:1)
  5 ball pythons (D:1)
  3 bats
  4 endoplasms (D:1)
  A giant cockroach (D:1)
  3 goblins (D:1)
  5 hobgoblins (D:1)
  3 jackals (D:2)
  4 kobolds (D:1)
  A quokka (D:2)
  2 frilled lizards (D:1)
  2 rats (D:1)
37 creatures vanquished.

Notes
Turn   | Place    | Note
-------+----------+-------------------------------------------
     0 | D:1      | pokeman the Deep Elf Hedge Wizard began the quest for the
                  | Orb.
     0 | D:1      | Reached XP level 1. HP: 10/10 MP: 7/7
   351 | D:1      | Reached XP level 2. HP: 16/16 MP: 7/9
   657 | D:1      | Reached skill level 5 in Spellcasting
   903 | D:1      | Reached XP level 3. HP: 20/20 MP: 6/11
   907 | D:1      | Learned a level 3 spell: Mephitic Cloud
   910 | D:1      | Learned a level 2 spell: Call Imp
   913 | D:1      | Learned a level 2 spell: Blink
  1691 | D:2      | Noticed Terence
  1705 | D:2      | Killed Terence
  1706 | D:2      | Reached skill level 1 in Fighting
  1706 | D:2      | Reached skill level 1 in Armour
  1806 | D:2      | Reached XP level 4. HP: 25/25 MP: 10/13
  1821 | D:2      | Slain by an adder

Illustrated notes

Levels and vault maps discovered:
D:1:      sevenhm_arrival_forest_fort_large_3, layout_basic
D:2:      layout_loops_ring, dreamdust_ecumenical_altar_statues,
          kennysheep_generic_room_3, uniq_jessica, uniq_terence, uniq_natasha

Skill      XL: |  1  2  3 |
---------------+----------+-----
Spellcasting   | 5 |  5.5
Fighting       | 1 |  1.0
Armour         | 1 |  1.1
Conjurations   | 2 |  2.0
Dodging        | |  2.4
Stealth        | |  2.4
Summonings     | |  1.1
Translocations | |  1.1

Action                     |  1- 3 |  4- 6 || total
---------------------------+-------+-------++-------
  Melee: Dagger            |    22 |       ||    22
         Flail             |       |     6 ||     6
   Cast: Magic Dart        |    79 |     4 ||    83
         Call Imp          |     2 |       ||     2
         Mephitic Cloud    |     1 |     1 ||     2
   Stab: Confused          |     1 |       ||     1
 Armour: Robe              |    14 |     8 ||    22
  Dodge: Dodged            |    13 |     6 ||    19

Table legend: (Time is in decaauts)
 A = Elapsed time spent in this place.
 B = Non-inter-level travel time spent in this place.
 C = Inter-level travel time spent in this place.
 D = Time resting spent in this place.
 E = Time spent auto-exploring this place.
 F = Levels seen in this place.
 G = Mean time per level.
                   A        B        C        D        E       F      G
               +--------+--------+--------+--------+--------+-----+--------+
         Total |   1822 |   1790 |     32 |     54 |   1537 |   2 |  911.0 |
       Dungeon |   1822 |   1790 |     32 |     54 |   1537 |   2 |  911.0 |
               +--------+--------+--------+--------+--------+-----+--------+

Top non-repeatable levels by time:
     D:1: 1573 daAuts
     D:2: 249 daAuts
